AoeStats
← XIII-Hanomontano

African Clearing

510533200Analyzed
2v2 RM · 1d ago on Oct 1, 2026· 43m 51s· 4 players
Game mode
Random Map
Map size
Medium (4 player)
Population
200
Speed
Normal
Resources
Standard
Victory
Conquest
Starting age
Dark Age
Ending age
Imperial Age
RankedLock teamsTeams togetherTeam positionsShared explorationLock speedFull tech treeHidden civsTurbo modeCheats
Victory
Defeat
🇧🇷 Ethiopians · Brazil
1263
+13
🇧🇷 Persians · Brazil
1156
+18
🇨🇭 Mongols · Switzerland
1210
-16
🇸🇪 Varangians · Sweden
1188
-15
po_v1ft!
5:59 Loom
12:01 Feudal Age
17:20 Fletching
22:06 Castle Age
Nikrendo
5:40 Loom
13:50 Feudal Age
17:56 Castle Age
16:13 Double-Bit Axe
16:48 Horse Collar
19:35 Wheelbarrow
23:15 Hand Cart
28:02 Fletching
28:41 Padded Archer Armor
30:53 Bloodlines
32:03 Heavy Plow
32:40 Husbandry
35:28 Bodkin Arrow
35:55 Ballistics
36:29 Light Cavalry
39:24 Leather Archer Armor
39:14 Scale Barding Armor
39:20 Forging
39:46 Bow Saw
40:12 Town Watch
43:45 Imperial Age
42:01 Chain Barding Armor
42:41 Iron Casting
SirT_Naval
4:52 Loom
13:15 Feudal Age
14:17 Double-Bit Axe
17:56 Castle Age
16:57 Bloodlines
17:44 Gold Mining
19:40 Scale Barding Armor
21:35 Forging
23:04 Horse Collar
24:32 Stone Mining
27:34 Heavy Plow
28:11 Bow Saw
28:38 Wheelbarrow
29:47 Chain Barding Armor
30:03 Iron Casting
39:14 Imperial Age
38:36 Hand Cart
38:53 Cavalier
39:35 Husbandry
40:12 Plate Barding Armor
40:37 Blast Furnace
40:11 Crop Rotation
40:31 Gold Shaft Mining
41:27 Two-Man Saw
40:18 Savar
XIII-Hanomontano
11:59 Feudal Age
10:14 Loom
13:34 Double-Bit Axe
14:40 Town Watch
15:28 Fletching
16:53 Wheelbarrow
16:20 Padded Archer Armor
23:11 Castle Age
22:16 Gold Mining
23:28 Crossbowman
26:15 Horse Collar
32:30 Bodkin Arrow
32:50 Leather Archer Armor
37:50 Imperial Age
37:00 Ballistics
37:56 Gold Shaft Mining
37:51 Thumb Ring
38:34 Bracer
38:33 Arbalester
41:36 Chemistry
40:49 Light Cavalry
41:29 Husbandry
43:55 Ring Archer Armor
43:41 Hussar
Connection lost

Rejoining the realm…

Still unreachable

The connection could not be restored.

Session expired

The server has moved on; the page needs a fresh start.